 Dungeon Crawl Stone Soup version 0.23-a0-619-g281719c (webtiles) character file.

457 Lavandula the Cutter (level 7, -2/36 HPs)
             Began as a Halfling Enchanter on Dec 22, 2018.
             Was an Initiate of Hepliaklqana.
             Shot with an arrow by a centaur (4 damage)
             ... on level 9 of the Dungeon.
             The game lasted 00:13:48 (3361 turns).

Lavandula the Cutter (Halfling Enchanter)           Turns: 3361, Time: 00:13:49

Health: -2/36      AC:  5    Str:  9    XL:     7   Next: 27%
Magic:  7/12       EV: 15    Int: 15    God:    Hepliaklqana [......]
Gold:   66         SH:  0    Dex: 15    Spells: 4/13 levels left

rFire    . . .     SeeInvis .   a - +2 dagger
rCold    . . .     Gourm    .   (shield restricted)
rNeg     . . .     Faith    .   b - +0 robe
rPois    .         Spirit   .   e - +1 helmet
rElec    .         Reflect  .   j - +0 cloak
rCorr    .         Harm     .   (no gloves)
MR       .....                  (no boots)
Stlth    +++.......             i - amulet of the acrobat
HPRegen  0.12/turn              u - ring of stealth
MPRegen  0.13/turn              (no ring)

@: very slightly contaminated
A: small, reduced essence, mutation resistance 1
a: Recall Ancestor, Ancestor Identity, Renounce Religion


You were on level 9 of the Dungeon.
You worshipped Hepliaklqana.
Hepliaklqana was noncommittal.
You were hungry.

You visited 2 branches of the dungeon, and saw 10 of its levels.

You collected 291 gold pieces.
You spent 225 gold pieces at shops.

Inventory:

Hand Weapons
 a - a +2 dagger (weapon)
 m - a +0 spear of flaming
 w - a +1 spear of piercing
 y - a +0 flail of protection
Missiles
 r - 5 tomahawks (quivered)
Armour
 b - a +0 robe (worn)
 e - a +1 helmet (worn)
 j - a +0 cloak (worn)
Jewellery
 i - an amulet of the acrobat (around neck)
 u - a ring of stealth (left hand)
Scrolls
 g - 4 scrolls of teleportation
 v - a scroll of remove curse
Potions
 c - a potion of cancellation
 f - 2 potions of agility
 k - a potion of lignification {unknown}
 l - a potion of curing
 n - 2 potions of heal wounds
 o - a potion of might
 t - a potion of resistance
 z - a potion of haste
 A - a potion of mutation {unknown}
Comestibles
 d - 10 rations


   Skills:
 + Level 6.9 Short Blades
 - Level 2.1 Dodging
 - Level 3.2 Stealth
 - Level 3.5 Spellcasting
 - Level 2.4 Hexes


You had 4 spell levels left.
You knew the following spells:

 Your Spells              Type           Power        Failure   Level  Hunger
a - Corona                Hex            #......      7%          1    None
b - Ensorcelled Hibernat  Hex/Ice        #.....       17%         2    ##.....
c - Confuse               Hex            #.......     22%         3    ###....
d - Dazzling Spray        Conj/Hex       #.....       34%         3    ###....

Your spell library contained the following spells:

 Spells                   Type           Power        Failure   Level  Hunger
 Tukima's Dance           Hex            #.......     22%         3    ###....


Dungeon Overview and Level Annotations

Branches:
Dungeon (9/15)             Temple (1/1) D:7
   Lair: D:8-11         Orc: D:9-12

Altars:
Ashenzari
Elyvilon
Fedhas
Gozag
Hepliaklqana
Makhleb
Nemelex Xobeh
Okawaru
Qazlal
Ru
Trog
Wu Jian
Yredelemnul
Zin
The Shining One

Shops:
D:7 !

Annotations:
D:3 Natasha


Innate Abilities, Weirdness & Mutations

You are small and have problems with some larger weapons.
You are somewhat resistant to further mutation.
Your life essence is reduced to manifest your ancestor. (-10% HP)


Message History

The centaur shoots an arrow.
The arrow hits you! The arrow freezes you.
You see here an arrow.
The centaur shoots an arrow.
The arrow misses you.
Casting: Ensorcelled Hibernation (safe; 17% risk of failure)
Confirm with . or Enter, or press ? or * to list all spells.
Aiming: Confuse (safe; 22% risk of failure)
Press: ? - help, Shift-Dir - straight line, f - centaur
Aim: a centaur, wielding a +2 shortbow of freezing (chance to defeat MR: 40%)
You miscast Confuse.
You are very lightly contaminated with residual magic.
Your hands glow momentarily.
Casting: Confuse (safe; 22% risk of failure)
Confirm with . or Enter, or press ? or * to list all spells.
Aiming: Ensorcelled Hibernation (safe; 17% risk of failure)
Press: ? - help, Shift-Dir - straight line, f/p - centaur
Aim: a centaur, wielding a +2 shortbow of freezing (chance to defeat MR: 37%)
The centaur easily resists.
The centaur shoots an arrow.
The arrow hits you!
* * * LOW HITPOINT WARNING * * *
The arrow freezes you.
You die...

#......#
##......#
.........###
#######....#
#....# #....#
#....#
#######....#
........@...#
.....######(.##
...c.#....#..#
....Y'....#..#
.....#....#..##
..(.....).#c..#
.....((.)##...#
H(....)..(.a..#
...(...((######


You could see a centaur and a worker ant.

Vanquished Creatures
  A bullfrog (D:6)
  A howler monkey (D:6)
  2 jellies (D:6)
  A bullfrog skeleton (D:4)
  An iguana (D:7)
  Natasha (D:3)
  4 worker ants
  3 adders
  3 gnolls (D:2)
  A shadow imp (D:4)
  2 worms
  A dart slug (D:2)
  3 leopard geckos
  2 orcs
  3 giant cockroaches
  6 goblins
  6 hobgoblins
  5 jackals
  3 quokkas
  2 bats
  3 frilled lizards
  4 kobolds
  3 rats
61 creatures vanquished.

Vanquished Creatures (collateral kills)
  A jackal (D:7)
1 creature vanquished.

Vanquished Creatures (others)
  An ancestor (D:9)
  A goblin (D:2)
  A hobgoblin (D:2)
  A quokka (D:2)
4 creatures vanquished.

Grand Total: 66 creatures vanquished

Notes
Turn   | Place    | Note
-------+----------+-------------------------------------------
     0 | D:1      | Lavandula the Halfling Enchanter began the quest for the
                  | Orb.
     0 | D:1      | Reached XP level 1. HP: 11/11 MP: 3/3
   183 | D:1      | Reached skill level 2 in Short Blades
   186 | D:1      | Reached XP level 2. HP: 5/17 MP: 1/4
   452 | D:3      | Learned a level 2 spell: Ensorcelled Hibernation
   816 | D:3      | Reached skill level 3 in Short Blades
  1007 | D:3      | Noticed Natasha
  1026 | D:2      | Reached XP level 3. HP: 14/21 MP: 3/5
  1269 | D:2      | Reached XP level 4. HP: 26/27 MP: 7/7
  1334 | D:2      | Found a white marble altar of Elyvilon.
  1678 | D:3      | Killed Natasha
  1678 | D:3      | Reached XP level 5. HP: 3/31 MP: 1/9
  1697 | D:3      | Noticed Natasha
  1980 | D:4      | Learned a level 3 spell: Confuse
  1984 | D:4      | Learned a level 3 spell: Dazzling Spray
  2136 | D:4      | Reached skill level 4 in Short Blades
  2136 | D:4      | Reached XP level 6. HP: 8/36 MP: 2/11
  2359 | D:5      | Entered Level 5 of the Dungeon
  2400 | D:5      | Found a bloodstained altar of Trog.
  2566 | D:6      | Reached skill level 5 in Short Blades
  2697 | D:6      | Found an opulent altar of Gozag.
  2746 | D:6      | Found a sparkling altar of Nemelex Xobeh.
  2771 | D:6      | Reached skill level 6 in Short Blades
  2771 | D:6      | Reached XP level 7. HP: 41/41 MP: 9/12
  2983 | D:7      | Found Kukaapez's Distillery.
  2993 | D:7      | Found a staircase to the Ecumenical Temple.
  2997 | D:7      | Bought a potion of heal wounds for 75 gold pieces
  2997 | D:7      | Bought a potion of haste for 150 gold pieces
  3008 | Temple   | Entered the Ecumenical Temple
  3063 | Temple   | Became a worshipper of Hepliaklqana the Forgotten
  3345 | D:9      | Noticed a cyclops
  3348 | D:9      | Noticed a yak
  3349 | D:9      | Noticed a hippogriff
  3351 | D:9      | Noticed a yak
  3351 | D:9      | Noticed a yak
  3361 | D:9      | Shot with an arrow by a centaur

Vault maps used:
D:1:      lightli_arrival_windingriver, hangedman_abyss_or_decor_stabs,
          minivault_25, minmay_liquid_box
D:2:      tgw_xom, first_ration, elyvilon_altar_4
D:3:      uniq_natasha
D:5:      grunt_temple_overflow_magic_moments, lightli_temple_of_fire,
          cheibrodos_worm_habitat, dancing_weapons_uskayaw
D:6:      old_standard_altar, nemelex_lonely_heart_becter
D:7:      minmay_temple_entry_sparse_star, serial_shops, shop,
          minmay_fractal_squares_gapless_5
D:8:      serial_shops, shop_statue, shop, grunt_pizzeria, uniq_joseph
D:9:      grunt_dithmenos_smoke, dpeg_oklobed_lair, orc_0_dummy, enter_bailey_3,
          minmay_sticks_and_stones
Temple:   dshaligram_water_room_temple

Skill      XL: |  1  2  3  4  5  6 |
---------------+-------------------+-----
Short Blades   | 2 3 4 6 |  6.9
Spellcasting   | 2 3 |  3.5
Dodging        | |  2.1
Stealth        | |  3.2
Hexes          | |  2.4

Action                   |  1- 3 |  4- 6 |  7- 9 || total
-------------------------+-------+-------+-------++-------
Melee: Dagger            |   104 |    84 |    21 ||   209
       Spear             |     6 |       |       ||     6
 Cast: Corona            |     9 |     1 |       ||    10
       Ensorcelled Hiber |     4 |    18 |     6 ||    28
       Confuse           |       |     3 |       ||     3
       Dazzling Spray    |       |     1 |       ||     1
  Use: Scroll            |     3 |     1 |     7 ||    11
       Potion            |       |     3 |       ||     3
 Stab: Sleeping          |    12 |    13 |     5 ||    30
       Confused          |       |     2 |       ||     2
  Eat: Chunk             |     2 |     6 |     2 ||    10
Armor: Robe              |    11 |     7 |     2 ||    20
       Ring mail         |       |     3 |       ||     3
Dodge: Dodged            |    85 |    68 |    12 ||   165

Table legend:
 A = Non-vault XP
 B = Vault XP
 C = Vault XP percentage of total XP
 D = Non-vault monster count
 E = Vault monster count
 F = Vault count percentage of total count
                 A         B        C        D         E       F
            +---------+---------+-------+---------+---------+-------
      Total |     619 |      35 |   5.4 |      61 |       1 |   1.6
            +---------+---------+-------+---------+---------+-------
        D:1 |       7 |       0 |   0.0 |       5 |       0 |   0.0
        D:2 |      96 |       0 |   0.0 |      20 |       0 |   0.0
        D:3 |      35 |      35 |  50.0 |      14 |       1 |   6.7
        D:4 |     126 |       0 |   0.0 |       7 |       0 |   0.0
        D:6 |     300 |       0 |   0.0 |       7 |       0 |   0.0
        D:7 |      53 |       0 |   0.0 |       7 |       0 |   0.0
        D:8 |       2 |       0 |   0.0 |       1 |       0 |   0.0
            +---------+---------+-------+---------+---------+-------
